 Dungeon Crawl Stone Soup version 0.29-a0-472-ge5599a681e (webtiles) character file.

Game seed: 6035591439077155898

751 happo123 the Ruffian (level 7, -8/70 HPs)
             Began as a Troll Monk on May 22, 2022.
             Shot with an arrow by a centaur (10 damage)
             ... on level 5 of the Dungeon.
             The game lasted 00:18:57 (3202 turns).

happo123 the Ruffian (Troll Monk)                   Turns: 3202, Time: 00:18:58

Health: -8/70      AC:  6    Str: 22    XL:     7   Next: 49%
Magic:  8/8        EV: 10    Int:  6    God:
Gold:   227        SH:  0    Dex: 12    Spells: 9/9 levels left

rFire   . . .      SeeInvis .     - Unarmed
rCold   . . .      Faith    .   (no shield)
rNeg    . . .      Spirit   .   a - +0 robe
rPois   .          Reflect  .   v - +2 hat
rElec   .          Harm     .   (no cloak)
rCorr   .          Rampage  .   (gloves unavailable)
Will    .....                   (boots unavailable)
Stlth   ++........              q - amulet of the acrobat
HPRegen 1.01/turn               (no ring)
MPRegen 0.11/turn               (no ring)

@: no status effects
A: large, unfitting armour, claws 3, regeneration 1, shaggy fur 1, tough skin 1
a: no special abilities


You were on level 5 of the Dungeon.
You visited 1 branch of the dungeon, and saw 5 of its levels.

You collected 227 gold pieces.

Inventory:

Hand Weapons
 y - a +0 arbalest
Armour
 a - a +0 robe (worn)
 v - a +2 hat (worn)
 z - a scarf of harm
Magical Staves
 m - a staff of cold
Jewellery
 j - an amulet of faith
 q - an amulet of the acrobat (around neck)
Wands
 s - a wand of digging (6)
Scrolls
 c - a scroll of blinking {unknown}
 d - 2 scrolls of magic mapping {unknown}
 f - a scroll of vulnerability {unknown}
 h - 3 scrolls of noise {unknown}
 k - a scroll of poison {unknown}
 l - 2 scrolls of enchant armour {unknown}
 p - 3 scrolls of identify {unknown}
 r - a scroll of amnesia {unknown}
 t - a scroll of fog {unknown}
 u - a scroll of teleportation {unknown}
Potions
 b - 2 potions of ambrosia
 e - 4 potions of heal wounds {unknown}
 g - a potion of haste {unknown}
 i - 3 potions of resistance {unknown}
 n - 3 potions of flight {unknown}
 o - a potion of lignification {unknown}
 w - 2 potions of berserk rage {unknown}
 x - a potion of attraction {unknown}


   Skills:
 * Level 4.2 Fighting
 + Level 3.6 Dodging
 * Level 2.5 Stealth
 * Level 5.1 Unarmed Combat
 + Level 1.5 Spellcasting


You had 9 spell levels left.
You didn't know any spells.
Your spell library contained the following spells:

 Spells                   Type           Power      Damage    Failure   Level
 Necrotize                Necr           0%         1d4       41%         1
 Summon Small Mammal      Summ           0%         N/A       41%         1
 Poisonous Vapours        Pois/Air       0%         N/A       54%         2
 Call Canine Familiar     Summ           0%         N/A       78%         3
 Conjure Flame            Conj/Fire      0%         6-21      78%         3
 Frozen Ramparts          Ice            0%         1d2       78%         3
 Ignite Poison            Fire/Tmut/Pois 0%         N/A       78%         3
 Summon Guardian Golem    Hex/Summ       0%         N/A       78%         3
 Vampiric Draining        Necr           0%         2d6       78%         3
 Corpse Rot               Necr/Pois/Air  0%         N/A       99%         4
 Ice Form                 Ice/Tmut       0%         N/A       99%         4
 Sticky Flame             Conj/Fire      0%         2d3       99%         4
 Summon Ice Beast         Ice/Summ       0%         N/A       99%         4
 Agony                    Necr           0%         N/A       100%        5


Dungeon Overview and Level Annotations

Branches:
Dungeon (5/15)
 Temple: D:4-7

Altars:


Innate Abilities, Weirdness & Mutations

You are too large for most types of armour.
You have claws for hands.
Your natural rate of healing is unusually fast.
You are covered in fur. (AC +1)
You have tough skin. (AC +1)


Message History

The centaur shoots an arrow.
The arrow closely misses you.
The arrow barely misses the quokka.
The quokka barely misses you. The orc hits you with a +0 dagger.
* * * LOW HITPOINT WARNING * * *
The orc priest hits you with a +0 dagger.
* * * LOW HITPOINT WARNING * * *
The orc priest invokes the aid of Beogh against you.
You struggle to resist.
The centaur shoots an arrow.
The arrow closely misses you.
The arrow hits the quokka.
The quokka dies!
A necrophage comes into view.
You claw the orc priest!
You kill the orc priest!
The centaur shoots an arrow.
The arrow hits you.
* * * LOW HITPOINT WARNING * * *
The orc hits you but does no damage. The orc priest barely misses you.
The centaur shoots an arrow.
The arrow misses you.
The arrow hits the orc.
The orc priest closely misses you.
The centaur shoots an arrow.
The arrow hits you.
* * * LOW HITPOINT WARNING * * *
The necrophage completely misses you.
Things that are here:
a +1 hand axe of electrocution; a +0 scale mail You claw the orc priest!
The orc priest is severely wounded.
The orc barely misses you. The necrophage hits you.
* * * LOW HITPOINT WARNING * * *
The orc priest misses you.
You closely miss the orc priest.
The orc priest is severely wounded.
The centaur shoots an arrow.
The arrow barely misses you.
The arrow hits the orc priest but does no damage.
The orc priest begins to cast a cantrip, but forgets the words!
The orc hits you but does no damage. The necrophage closely misses you.
You barely miss the orc priest.
The orc priest is severely wounded.
The centaur shoots an arrow.
The arrow hits you.
* * * LOW HITPOINT WARNING * * *
The centaur shoots an arrow.
The arrow hits you!
You die...

..#####.. ...
..#.....##..
........#..###.
.##..............
#................ .
................ ...
.(..##..c..n..# #....
.......##...n.@o#......
.................o.......
......#..........w.......
.#...(##..........##.....
.###............### ....
..#............## ..#
........<...#..# ##
...............#
..<.......#...##


You could see 2 necrophages, a centaur, a worm, an orc priest and an orc.

Vanquished Creatures
  A water moccasin (D:5)
  Duvessa (D:4)
  2 ogres
  Dowan (D:4)
  A gnoll shaman (D:4)
  2 orc priests
  2 hounds (D:4)
  An orc wizard (D:3)
  3 gnolls (D:4)
  2 adders
  A worm (D:4)
  4 dart slugs
  4 orcs (D:3)
  9 bats
  6 endoplasms
  3 giant cockroaches
  6 goblins
  9 hobgoblins
  7 jackals
  2 quokkas
  8 ball pythons
  6 frilled lizards
  6 kobolds
  11 rats
98 creatures vanquished.

Vanquished Creatures (others)
  An orc wizard (D:3)
  A quokka (D:5)
2 creatures vanquished.

Grand Total: 100 creatures vanquished

Notes
Turn   | Place    | Note
-------+----------+-------------------------------------------
     0 | D:1      | happo123 the Troll Monk began the quest for the Orb.
     0 | D:1      | Reached XP level 1. HP: 22/22 MP: 0/0
   114 | D:1      | Reached XP level 2. HP: 29/29 MP: 1/1
   486 | D:1      | Reached XP level 3. HP: 36/36 MP: 2/2
  1623 | D:3      | Reached XP level 4. HP: 44/44 MP: 3/3
  1910 | D:3      | Reached XP level 5. HP: 19/53 MP: 4/4
  2365 | D:4      | Reached skill level 4 in Unarmed Combat
  2408 | D:4      | Noticed an ogre
  2414 | D:4      | Killed an ogre
  2415 | D:4      | Reached skill level 1 in Spellcasting
  2415 | D:4      | Reached XP level 6. HP: 48/61 MP: 6/6
  2429 | D:4      | Noticed Dowan
  2432 | D:4      | Noticed Duvessa
  2444 | D:4      | Killed Duvessa
  2462 | D:4      | Killed Dowan
  2748 | D:4      | Reached XP level 7. HP: 46/68 MP: 0/7
  3087 | D:5      | Entered Level 5 of the Dungeon
  3106 | D:5      | Reached skill level 5 in Unarmed Combat
  3202 | D:5      | HP: 2/70 [centaur/arrow (4)]
  3202 | D:5      | Shot with an arrow by a centaur

Illustrated notes

Levels and vault maps discovered:
D:1:      beargit_arrival_greenhouse, layout_basic, fountainhead,
          minmay_tetromino_s2
D:2:      layout_loops_corners
D:3:      layout_rooms, st_stairs_2, minmay_pentangle
D:4:      layout_loops_ring, uniq_duvessa
D:5:      layout_cave_pools, minmay_temple_entry_ruins

Skill      XL: |  1  2  3  4  5  6  7 |
---------------+----------------------+-----
Fighting       | 3 4 |  4.2
Dodging        | 3 |  3.6
Unarmed Combat | 4 5 |  5.1
Spellcasting   | 1 |  1.5
Stealth        | 2 |  2.5

Action                   |  1- 3 |  4- 6 |  7- 9 || total
-------------------------+-------+-------+-------++-------
Melee: Unarmed           |   114 |   130 |    32 ||   276
       Punch             |       |     5 |       ||     5
 Stab: Sleeping          |     5 |       |       ||     5
Armor: Robe              |    56 |    44 |    11 ||   111
Dodge: Dodged            |    61 |    59 |    34 ||   154

Table legend: (Time is in decaauts)
 A = Elapsed time spent in this place.
 B = Non-inter-level travel time spent in this place.
 C = Inter-level travel time spent in this place.
 D = Time resting spent in this place.
 E = Time spent auto-exploring this place.
 F = Levels seen in this place.
 G = Mean time per level.
                   A        B        C        D        E       F      G
               +--------+--------+--------+--------+--------+-----+--------+
         Total |   3185 |   2651 |    534 |     60 |   1887 |   5 |  637.0 |
       Dungeon |   3185 |   2651 |    534 |     60 |   1887 |   5 |  637.0 |
               +--------+--------+--------+--------+--------+-----+--------+

Top non-repeatable levels by time:
     D:2: 846 daAuts
     D:4: 802 daAuts
     D:1: 763 daAuts
     D:3: 659 daAuts
     D:5: 112 daAuts
